SL
DETROIT RENAISSANCE @ TOLEDO TITANS
08/07/2025
 
TOP OF THE 1ST
Detroit Renaissance batting - Pitching for Toledo Titans : RHP Eddie Kop
Pitching: RHP Eddie Kop
Batting: RHB Eric D'Angle 0-0: Ball
1-0: SINGLE (Groundball, 6MD)
Batting: RHB Kyle Bywaters 0-0: Ball
1-0: Grounds into double play, 4-6-3 (Groundball, 4)
Batting: LHB Tim Waters 0-0: Foul Ball, location: 2F
0-1: Ball
1-1: Called Strike
1-2: Foul Ball, location: 2F
1-2: Foul Ball, location: 2F
1-2: Strikes out swinging
Top of the 1st over - 0 run(s), 1 hit(s), 0 error(s), 0 left on base; Detroit 0 - Toledo 0
BOTTOM OF THE 1ST
Toledo Titans batting - Pitching for Detroit Renaissance : RHP Alejandro Arteaga
Pitching: RHP Alejandro Arteaga
Batting: LHB Chris West 0-0: Called Strike
0-1: Ball
1-1: Foul Ball, location: 2F
1-2: Ball
2-2: Ball
3-2: Reached on error, E4 (Groundball, 4M)
Batting: RHB Gerald Clark 0-0: Called Strike
0-1: Foul Ball, location: 2F
0-2: Ball
1-2: Ball
2-2: Fly out, F4 (Popup, 4)
Batting: LHB Yannick Hendriksen 0-0: Called Strike
0-1: Ball
1-1: Foul Ball, location: 2F
1-2: Ball
2-2: Grounds into double play, 4-6-3 (Groundball, 4)
Bottom of the 1st over - 0 run(s), 0 hit(s), 1 error(s), 0 left on base; Detroit 0 - Toledo 0
TOP OF THE 2ND
Detroit Renaissance batting - Pitching for Toledo Titans : RHP Eddie Kop
Batting: LHB Juan González 0-0: Ball
1-0: Called Strike
1-1: Swinging Strike
1-2: Strikes out swinging
Batting: LHB Michael Neely 0-0: Swinging Strike
0-1: Foul Ball, location: 2F
0-2: Ball
1-2: Ground out 3-1 (Groundball, 34S)
Batting: LHB Gustavo Cortéz 0-0: Ball
1-0: Ball
2-0: Ball
3-0: Base on Balls
Batting: LHB Bartolo Benítez 0-0: Called Strike
0-1: Ball
1-1: Called Strike
1-2: Foul Ball, location: 2F
1-2: Strikes out swinging
Top of the 2nd over - 0 run(s), 0 hit(s), 0 error(s), 1 left on base; Detroit 0 - Toledo 0
BOTTOM OF THE 2ND
Toledo Titans batting - Pitching for Detroit Renaissance : RHP Alejandro Arteaga
Batting: LHB Arnie Pittman 0-0: Ball
1-0: Foul Ball, location: 2F
1-1: Foul Ball, location: 2F
1-2: Foul Ball, location: 2F
1-2: Strikes out swinging
Batting: RHB Paul Houston 0-0: Called Strike
0-1: Ball
1-1: Ball
2-1: Fly out, F8 (Flyball, 8RM)
Batting: RHB Kade Knowles 0-0: Ball
1-0: Called Strike
1-1: Ball
2-1: Ground out 6-3 (Groundball, 6)
Bottom of the 2nd over - 0 run(s), 0 hit(s), 0 error(s), 0 left on base; Detroit 0 - Toledo 0
TOP OF THE 3RD
Detroit Renaissance batting - Pitching for Toledo Titans : RHP Eddie Kop
Batting: RHB Zong-yuan Fung 0-0: Ball
1-0: Ball
2-0: Hit by Pitch
Batting: RHB Bernardo Herrera 0-0: Called Strike
Zong-yuan Fung steals 2nd base
0-1: DOUBLE (Line Drive, 9LD)
Zong-yuan Fung scores
Batting: RHB Eric D'Angle 0-0: Ball
Bernardo Herrera steals 3rd base
1-0: Ball
2-0: Called Strike
2-1: Ground out 5-3 (Groundball, 56S)
Bernardo Herrera scores
Batting: RHB Kyle Bywaters 0-0: Swinging Strike
0-1: Ball
1-1: Ball
2-1: Ball
3-1: Ground out 5-3 (Groundball, 5)
Batting: LHB Tim Waters 0-0: Ball
1-0: Ball
2-0: DOUBLE (Line Drive, 8RXD)
Batting: LHB Juan González 0-0: Swinging Strike
0-1: Ball
1-1: Foul Ball, location: 2F
1-2: Foul Ball, location: 2F
1-2: Ball
Passed Ball!
Tim Waters to third
2-2: Foul Ball, location: 2F
2-2: Ball
3-2: Foul Ball, location: 2F
3-2: Foul Ball, location: 2F
3-2: Strikes out swinging
Top of the 3rd over - 2 run(s), 2 hit(s), 0 error(s), 1 left on base; Detroit 2 - Toledo 0
BOTTOM OF THE 3RD
Toledo Titans batting - Pitching for Detroit Renaissance : RHP Alejandro Arteaga
Batting: RHB Alfredo Martínez 0-0: Ball
1-0: Called Strike
1-1: Called Strike
1-2: Ball
2-2: Strikes out looking
Batting: RHB Pil-joong Pak 0-0: Ball
1-0: Ball
2-0: Fly out, F8 (Flyball, 78S)
Batting: RHB Francis Kelly 0-0: Foul Ball, location: 2F
0-1: Foul Ball, location: 2F
0-2: SINGLE (Groundball, 6MD)
Batting: LHB Chris West 0-0: Fielders Choice at 2nd, 6-4 (Groundball, 6)
Bottom of the 3rd over - 0 run(s), 1 hit(s), 0 error(s), 0 left on base; Detroit 2 - Toledo 0
TOP OF THE 4TH
Detroit Renaissance batting - Pitching for Toledo Titans : RHP Eddie Kop
Batting: LHB Michael Neely 0-0: Ball
1-0: Foul Ball, location: 2F
1-1: Ball
2-1: SINGLE (Groundball, 34D)
Batting: LHB Gustavo Cortéz 0-0: Ball
1-0: Foul Ball, location: 2F
1-1: Swinging Strike
1-2: Strikes out swinging
Batting: LHB Bartolo Benítez 0-0: Ball
1-0: Ball
2-0: Swinging Strike
2-1: Ball
3-1: Foul Ball, location: 2F
3-2: Foul Ball, location: 2F
3-2: Strikes out swinging
Batting: RHB Zong-yuan Fung 0-0: Called Strike
0-1: Ball
1-1: Foul Ball, location: 2F
1-2: Strikes out swinging
Top of the 4th over - 0 run(s), 1 hit(s), 0 error(s), 1 left on base; Detroit 2 - Toledo 0
BOTTOM OF THE 4TH
Toledo Titans batting - Pitching for Detroit Renaissance : RHP Alejandro Arteaga
Batting: RHB Gerald Clark 0-0: Ball
1-0: Ball
2-0: Foul Ball, location: 2F
2-1: Ball
3-1: Swinging Strike
3-2: Foul Ball, location: 2F
3-2: Strikes out looking
Batting: LHB Yannick Hendriksen 0-0: Ball
1-0: Fly out, F8 (Flyball, 8RM)
Batting: LHB Arnie Pittman 0-0: Called Strike
0-1: Called Strike
0-2: Strikes out swinging
Bottom of the 4th over - 0 run(s), 0 hit(s), 0 error(s), 0 left on base; Detroit 2 - Toledo 0
TOP OF THE 5TH
Detroit Renaissance batting - Pitching for Toledo Titans : RHP Eddie Kop
Batting: RHB Bernardo Herrera 0-0: Ball
1-0: Ball
2-0: Foul Ball, location: 2F
2-1: Foul Ball, location: 2F
2-2: SINGLE (Flyball, 8LS)
Batting: RHB Eric D'Angle 0-0: Ball
Bernardo Herrera steals 2nd base
1-0: Ball
2-0: Foul Ball, location: 2F
2-1: Called Strike
2-2: Foul Ball, location: 2F
2-2: Strikes out looking
Batting: RHB Kyle Bywaters 0-0: Ball
1-0: Ball
2-0: Ball
3-0: Called Strike
3-1: Base on Balls
Batting: LHB Tim Waters 0-0: Ball
Bernardo Herrera steals 3rd base
Kyle Bywaters to second
1-0: Ground out 4-3 (Groundball, 4)
Bernardo Herrera scores
Kyle Bywaters to third
Batting: LHB Juan González 0-0: Called Strike
0-1: Ball
1-1: Swinging Strike
1-2: Strikes out swinging
Top of the 5th over - 1 run(s), 1 hit(s), 0 error(s), 1 left on base; Detroit 3 - Toledo 0
BOTTOM OF THE 5TH
Toledo Titans batting - Pitching for Detroit Renaissance : RHP Alejandro Arteaga
Batting: RHB Paul Houston 0-0: Called Strike
0-1: Called Strike
0-2: Foul Ball, location: 2F
0-2: SINGLE (Groundball, 56D)
Batting: RHB Kade Knowles 0-0: Foul Ball, location: 2F
0-1: Ball
1-1: SINGLE (Line Drive, 89S)
Paul Houston to second
Throwing error, E9
Paul Houston scores
Kade Knowles to second
Batting: RHB Alfredo Martínez 0-0: Called Strike
0-1: Fly out, F9 (Flyball, 9)
Batting: RHB Pil-joong Pak 0-0: Called Strike
0-1: Ball
1-1: Foul Ball, location: 2F
1-2: Foul Ball, location: 2F
1-2: 2-RUN HOME RUN (Flyball, 7D), Distance : 409 ft
Batting: RHB Francis Kelly 0-0: Swinging Strike
0-1: Ball
1-1: SINGLE (Line Drive, 7S)
Batting: LHB Chris West 0-0: Ball
1-0: Foul Ball, location: 2F
1-1: Fielders Choice at 2nd, 4-6 (Groundball, 4M)
Batting: RHB Gerald Clark 0-0: Ball
Chris West steals 2nd base
1-0: Called Strike
1-1: Ground out 5-3 (Groundball, 56S)
Bottom of the 5th over - 3 run(s), 4 hit(s), 1 error(s), 1 left on base; Detroit 3 - Toledo 3
TOP OF THE 6TH
Detroit Renaissance batting - Pitching for Toledo Titans : RHP Eddie Kop
Batting: LHB Michael Neely 0-0: Ball
1-0: Fly out, F9 (Flyball, 9)
Batting: LHB Gustavo Cortéz 0-0: Called Strike
0-1: SINGLE (Groundball, 6MD)
Batting: LHB Bartolo Benítez 0-0: Ball
1-0: Swinging Strike
1-1: Foul Ball, location: 2F
1-2: Fly out, F4 (Line Drive, 4D)
Batting: RHB Zong-yuan Fung 0-0: Ball
1-0: Called Strike
1-1: Fly out, F9 (Flyball, 9)
Top of the 6th over - 0 run(s), 1 hit(s), 0 error(s), 1 left on base; Detroit 3 - Toledo 3
BOTTOM OF THE 6TH
Toledo Titans batting - Pitching for Detroit Renaissance : RHP Alejandro Arteaga
Batting: LHB Yannick Hendriksen 0-0: Foul Ball, location: 2F
0-1: Swinging Strike
0-2: Ground out 4-3 (Groundball, 34D)
Batting: LHB Arnie Pittman 0-0: Called Strike
0-1: Ball
1-1: Foul Ball, location: 2F
1-2: Ground out 4-3 (Groundball, 4)
Batting: RHB Paul Houston 0-0: Called Strike
0-1: Ball
1-1: Ball
2-1: SINGLE (Line Drive, 9LS)
Batting: RHB Kade Knowles 0-0: SINGLE (Line Drive, 34)
Paul Houston to second
Batting: RHB Alfredo Martínez 0-0: Swinging Strike
0-1: Foul Ball, location: 2F
0-2: Ball
1-2: Strikes out looking
Bottom of the 6th over - 0 run(s), 2 hit(s), 0 error(s), 2 left on base; Detroit 3 - Toledo 3
TOP OF THE 7TH
Detroit Renaissance batting - Pitching for Toledo Titans : RHP Eddie Kop
Batting: RHB Bernardo Herrera 0-0: Called Strike
0-1: Ball
1-1: Ball
2-1: SINGLE (Line Drive, 8LS)
Pitching: RHP Billy Crawford
Batting: RHB Eric D'Angle 0-0: Called Strike
0-1: Sac Bunt - play at first, batter OUT! 1-3
Bernardo Herrera to second
Batting: RHB Kyle Bywaters 0-0: Called Strike
0-1: Ball
1-1: Foul Ball, location: 2F
1-2: Fly out, F9 (Flyball, 9)
Batting: LHB Tim Waters 0-0: Ball
1-0: Ball
2-0: Fly out, F7 (Flyball, 7LM)
Top of the 7th over - 0 run(s), 1 hit(s), 0 error(s), 1 left on base; Detroit 3 - Toledo 3
BOTTOM OF THE 7TH
Toledo Titans batting - Pitching for Detroit Renaissance : RHP Alejandro Arteaga
Batting: RHB Pil-joong Pak 0-0: Called Strike
0-1: Called Strike
0-2: Ball
1-2: Foul Ball, location: 2F
1-2: Ball
2-2: Strikes out swinging
Pinch Hitting: RHB Mike Burns 0-0: Ball
1-0: Foul Ball, location: 2F
1-1: SINGLE (Groundball, 6MD)
Batting: LHB Chris West 0-0: Ball
Mike Burns steals 2nd base
1-0: Ground out 5-3 (Groundball, 5S)
Mike Burns to third
Batting: RHB Gerald Clark 0-0: Called Strike
0-1: Ball
1-1: Fly out, F5 (Popup, 5S)
Bottom of the 7th over - 0 run(s), 1 hit(s), 0 error(s), 1 left on base; Detroit 3 - Toledo 3
TOP OF THE 8TH
Detroit Renaissance batting - Pitching for Toledo Titans : RHP Billy Crawford
Now in LF: Mike Burns
Batting: LHB Juan González 0-0: Foul Ball, location: 2F
0-1: Foul Ball, location: 2F
0-2: Ball
1-2: Ball
2-2: Foul Ball, location: 2F
2-2: Ball
3-2: Strikes out looking
Batting: LHB Michael Neely 0-0: Ball
1-0: Called Strike
1-1: Called Strike
1-2: Ball
2-2: Foul Ball, location: 2F
2-2: Ball
3-2: Foul Ball, location: 2F
3-2: Foul Ball, location: 2F
3-2: DOUBLE (Line Drive, 9LM)
Batting: LHB Gustavo Cortéz 0-0: Swinging Strike
0-1: Ball
1-1: Ball
2-1: Foul Ball, location: 2F
2-2: Foul Ball, location: 2F
2-2: Ball
3-2: Fly out, F5 (Popup, 56S)
Batting: LHB Bartolo Benítez 0-0: Ball
1-0: Foul Ball, location: 2F
1-1: Foul Ball, location: 2F
1-2: Ball
2-2: Ball
3-2: SINGLE (Line Drive, 56D)
Michael Neely to third
Michael Neely scores
Pitching: RHP Ricardo Gómez
Batting: RHB Zong-yuan Fung 0-0: Called Strike
0-1: Fly out, F8 (Flyball, 8RM)
Top of the 8th over - 1 run(s), 2 hit(s), 0 error(s), 1 left on base; Detroit 4 - Toledo 3
BOTTOM OF THE 8TH
Toledo Titans batting - Pitching for Detroit Renaissance : RHP Alejandro Arteaga
Batting: LHB Yannick Hendriksen 0-0: Ground out 4-3 (Groundball, 4)
Batting: LHB Arnie Pittman 0-0: Foul Ball, location: 2F
0-1: Ball
1-1: Called Strike
1-2: Foul Ball, location: 2F
1-2: Strikes out looking
Batting: RHB Paul Houston 0-0: Foul Ball, location: 2F
0-1: Ball
1-1: Foul Ball, location: 2F
1-2: Ball
2-2: SINGLE (Groundball, 4MD)
Pitching: RHP Lyle Lanley
Batting: RHB Kade Knowles 0-0: Called Strike
0-1: Ball
1-1: Foul Ball, location: 2F
1-2: DOUBLE (Line Drive, 7LM)
Paul Houston to third
Pinch Hitting: RHB Enrique Pérez 0-0: Called Strike
0-1: Ball
1-1: Ball
2-1: SINGLE (Line Drive, 8LS)
Paul Houston scores
Kade Knowles to third
Runner from 3rd tries for Home, SAFE, no throw
Batting: RHB Pil-joong Pak 0-0: Foul Ball, location: 2F
0-1: Foul Ball, location: 2F
0-2: Ball
1-2: SINGLE (Line Drive, 78M)
Enrique Pérez to second
Batting: RHB Mike Burns 0-0: Foul Ball, location: 2F
0-1: Ball
1-1: Ball
2-1: Swinging Strike
2-2: Strikes out swinging
Bottom of the 8th over - 2 run(s), 4 hit(s), 0 error(s), 2 left on base; Detroit 4 - Toledo 5
TOP OF THE 9TH
Detroit Renaissance batting - Pitching for Toledo Titans : RHP Ricardo Gómez
Pitching: LHP Brandeis Vogt
Now in RF: Pedro Pérez
Batting: RHB Bernardo Herrera 0-0: Swinging Strike
0-1: Called Strike
0-2: Strikes out looking
Batting: RHB Eric D'Angle 0-0: Ball
1-0: Ball
2-0: Fly out, F9 (Flyball, 9LSF)
Batting: RHB Kyle Bywaters 0-0: Called Strike
0-1: Swinging Strike
0-2: Ball
1-2: Foul Ball, location: 2F
1-2: Strikes out looking
Top of the 9th over - 0 run(s), 0 hit(s), 0 error(s), 0 left on base; Detroit 4 - Toledo 5
Friday, December 30th, 2016 - OOTP Baseball 17.12 Build 75